 Dungeon Crawl Stone Soup version 0.23-a0-470-g6f7cfd9 (webtiles) character file.

0 Amnesiac the Gusty (level 1, -1/10 HPs)
             Began as a Deep Elf Wanderer on Nov 26, 2018.
             Slain by an adder zombie (2 damage)
             ... on level 1 of the Dungeon.
             The game lasted 00:01:13 (36 turns).

Amnesiac the Gusty (Deep Elf Wanderer)                Turns: 36, Time: 00:01:13

Health: -1/10      AC:  2    Str: 16    XL:     1   Next: 8%
Magic:  0/3        EV: 11    Int: 16    God:
Gold:   0          SH:  0    Dex: 12    Spells: 0/0 levels left

rFire    . . .     SeeInvis .   (no weapon)
rCold    . . .     Gourm    .   (no shield)
rNeg     . . .     Faith    .   d - +0 robe
rPois    .         Spirit   .   (no helmet)
rElec    .         Reflect  .   (no cloak)
rCorr    .         Harm     .   (no gloves)
MR       .....                  (no boots)
Stlth    ++........             (no amulet)
HPRegen  0.03/turn              (no ring)
MPRegen  0.08/turn              (no ring)

@: mighty, very slightly contaminated
A: no striking features
a: no special abilities


You were on level 1 of the Dungeon.
You were not hungry.

You visited 1 branch of the dungeon, and saw 1 of its levels.

Inventory:

Hand Weapons
 b - a +2 blowgun
Missiles
 a - 4 curare-tipped needles
Armour
 d - a +0 robe (worn)
Comestibles
 f - a ration


   Skills:
 - Level 1.0 Throwing
 - Level 1.2 Stealth
 + Level 0.3 Spellcasting
 - Level 2.1 Conjurations
   Level 1.3 Hexes
   Level 1.1 Fire Magic
 - Level 4.0 Air Magic


You couldn't memorise any spells.
You knew the following spells:

 Your Spells              Type           Power        Failure   Level  Hunger
a - Shock                 Conj/Air       ##..         7%          1    ##.....

Your spell library contained the following spells:

 Spells                   Type           Power        Failure   Level  Hunger
 Static Discharge         Conj/Air       ##......     21%         3    ####...


Dungeon Overview and Level Annotations

Branches:
Dungeon (1/15)

Altars:


Message History

A leopard gecko zombie comes into view.
Found a ration.
Adjust (i)tems, (s)pells, or (a)bilities?
Adjust which spell?
Okay, then.
Casting: Shock (safe; 7% risk of failure)
Confirm with . or Enter, or press ? or * to list all spells.
Aiming: Shock (safe; 7% risk of failure)
Press: ? - help, Shift-Dir - straight line, f - leopard gecko zombie
Aim: a leopard gecko zombie The zap hits the leopard gecko zombie.
The leopard gecko zombie is moderately damaged.
Casting: Shock (safe; 7% risk of failure)
Confirm with . or Enter, or press ? or * to list all spells.
Aiming: Shock (safe; 7% risk of failure)
Press: ? - help, Shift-Dir - straight line, f/p - leopard gecko zombie
Aim: a leopard gecko zombie (moderately damaged)
The zap hits the leopard gecko zombie.
You destroy the leopard gecko zombie!
You start resting.
An adder zombie comes into view.
There's a creature in the doorway!
You open the door.
Found 18 arrows.
There is an open door here.
The adder zombie bites you.
Casting: Shock (safe; 7% risk of failure)
Confirm with . or Enter, or press ? or * to list all spells.
Aiming: Shock (safe; 7% risk of failure)
Press: ? - help, Shift-Dir - straight line The zap hits the adder zombie.
The adder zombie is lightly damaged.
The adder zombie barely misses you.
Unknown command.
Casting: Shock (safe; 7% risk of failure)
Confirm with . or Enter, or press ? or * to list all spells.
Aiming: Shock (safe; 7% risk of failure)
Press: ? - help, Shift-Dir - straight line, f - adder zombie
Aim: an adder zombie (lightly damaged)
You miscast Shock.
You are very lightly contaminated with residual magic.
You hear a whooshing sound.
The adder zombie barely misses you. The adder zombie bites you.
* * * LOW HITPOINT WARNING * * *
The adder zombie closely misses you.
There is an open door here.
The adder zombie bites you.
* * * LOW HITPOINT WARNING * * *
You aren't carrying any items that you can evoke.
Unknown command.
Really quaff
c - a blue potion {!q}?
It was a potion of might {!q}.
You feel very mighty all of a sudden. The adder zombie bites you.
* * * LOW HITPOINT WARNING * * *
Wield which item (- for none, * to show all)? (? for menu, Esc to quit)
Okay, then.
Wield which item (- for none, * to show all)? (? for menu, Esc to quit)
You are now empty-handed.
You closely miss the adder zombie.
The adder zombie is lightly damaged.
The adder zombie bites you.
You die...

+.....#
#8...8# +
###'### ..
#.#≈# ...
♣#.8♣ ....
#8.#≈#
♣≈...##.###
♣%..''..+
##@###
#8Z#≈#
♣#.8♣ #.#≈#
###'###
#8.(.8#
+.....#
#8....#
#######


You could see an adder zombie.

Vanquished Creatures
  A leopard gecko zombie (D:1)
1 creature vanquished.

Notes
Turn   | Place    | Note
-------+----------+-------------------------------------------
     0 | D:1      | Amnesiac the Deep Elf Wanderer began the quest for the Orb.
     0 | D:1      | Amnesiac set off with the following items: 4 curare-tipped
                  | needles, a +2 blowgun, a +0 robe, a ration; and the
                  | following spell memorised: Shock; and the following spells
                  | available to memorise: Static Discharge
     0 | D:1      | Reached XP level 1. HP: 10/10 MP: 3/3
    36 | D:1      | Slain by an adder zombie

Vault maps used:
D:1:      saegor_arrival_fortress

Action                   || total
-------------------------++-------
Melee: Unarmed           ||     1
 Cast: Shock             ||     3
  Use: Potion            ||     1
Dodge: Dodged            ||     3

Table legend:
 A = Non-vault XP
 B = Vault XP
 C = Vault XP percentage of total XP
 D = Non-vault monster count
 E = Vault monster count
 F = Vault count percentage of total count
                 A         B        C        D         E       F
            +---------+---------+-------+---------+---------+-------
      Total |       0 |       1 | 100.0 |       0 |       1 | 100.0
            +---------+---------+-------+---------+---------+-------
        D:1 |       0 |       1 | 100.0 |       0 |       1 | 100.0
            +---------+---------+-------+---------+---------+-------
